Map: 서브머린 - 래더

Players

Bunny - Winner!

  • Race: Terran Terran
  • Spawn Location: 5:00

Stats

  • Race: Protoss Protoss
  • League: Grandmaster
  • Spawn Location: 11:00

Event: War Chest Team League

VOD

Have the link to the VOD?

Description

Time

  • Played on: Aug. 2, 2020, 7:50 a.m.
  • Length: 16:24
Show
View Real Time Build Order
Export as new Build Order

Bunny Terran - Winner!

Build Orders: Reaper Expand 

Get SALT Encoding   

  12  0:00  SCV  
  13  0:12  SCV  
  14  0:17  Supply Depot  
  14  0:24  SCV  
  15  0:39  SCV  
  15  0:40  Barracks  
  16  0:44  Refinery  
  16  0:51  SCV  
  17  1:03  SCV  
  18  1:15  SCV  
  19  1:27  Orbital Command, Reaper  
  20  1:46  Command Center  
  20  1:52  Supply Depot, SCV  
  21  1:59  Marine  
  22  2:05  SCV  
  22  2:07  Factory  
  23  2:12  Bunker  
  23  2:17  SCV  
  23  2:20  Refinery  
  24  2:22  Barracks Reactor  
  24  2:29  SCV  
  25  2:41  SCV  
  26  2:52  Hellion  
  26  2:53  SCV  
  26  2:55  Armory  
  26  2:58  Orbital Command  
  29  2:59  Marine  
  29  3:01  Marine  
  29  3:05  SCV  
  32  3:13  Starport  
  32  3:16  Factory Tech Lab  
  32  3:17  SCV  
  33  3:20  Marine  
  33  3:22  Marine  
  33  3:25  SCV  
  36  3:29  SCV  
  37  3:36  Widow Mine  
  37  3:37  SCV  
  37  3:40  Supply Depot  
  37  3:41  Drilling Claws  
  39  3:48  SCV  
  39  3:49  SCV  
  39  3:51  Marine x2  
  39  3:53  Medivac  
  44  3:57  Widow Mine  
  44  4:00  SCV  
  44  4:02  SCV  
  47  4:03  Barracks  
  47  4:10  Supply Depot  
  47  4:11  Marine  
  47  4:12  Marine, SCV  
  47  4:14  SCV  
  51  4:20  Siege Tank  
  51  4:23  Supply Depot  
  54  4:31  SCV x2  
  54  4:32  Bunker  
  54  4:34  Viking, Marine  
  54  4:35  Marine  
  60  4:43  SCV x2  
  62  4:46  Supply Depot  
  62  4:51  Marine  
  62  4:52  Marine  
  64  4:53  Marine  
  64  4:57  Siege Tank  
  64  4:58  SCV, Refinery  
  64  4:59  SCV  
  70  5:10  Barracks Tech Lab  
  70  5:11  Barracks  
  68  5:17  SCV x2  
  68  5:19  Viking  
  68  5:20  Marine x2  
  67  5:30  SCV x2  
  67  5:34  Marine  
  69  5:37  Marine x2  
  69  5:40  Refinery  
  69  5:41  Engineering Bay  
  70  5:43  Supply Depot  
  70  5:46  Siege Tank  
  72  5:51  Marine  
  72  5:55  Marine x2  
  70  6:06  SCV x2  
  70  6:07  Starport Reactor  
  70  6:09  Marine  
  66  6:13  Marine x3  
  66  6:14  Stimpack  
  69  6:20  Bunker  
  69  6:22  SCV x2  
  68  6:31  Marauder  
  70  6:33  Siege Tank  
  70  6:36  SCV x2  
  70  6:39  Supply Depot  
  75  6:40  Barracks Tech Lab, Marine x2  
  75  6:41  Bunker  
  75  6:45  Terran Infantry Weapons Level 1  
  77  6:49  SCV x2  
  79  6:56  Medivac  
  79  7:01  SCV x2  
  81  7:05  Medivac  
  82  7:08  Marine x3  
  82  7:09  Marine  
  82  7:11  Supply Depot  
  82  7:13  Combat Shield  
  82  7:15  SCV x2  
  88  7:21  Supply Depot  
  87  7:24  Siege Tank  
  87  7:26  Marine x2  
  87  7:28  Supply Depot  
  87  7:29  Marauder  
  94  7:33  Marauder  
  94  7:34  Supply Depot  
  96  7:38  Missile Turret x2  
  96  7:46  SCV x2  
  96  7:47  Medivac  
  100  7:53  Concussive Shells  
  100  7:54  Marauder  
  100  7:55  Marauder, Marine x2  
  100  7:56  Medivac  
  108  8:00  Supply Depot  
  108  8:01  Supply Depot  
  108  8:08  Command Center  
  108  8:16  SCV x2  
  108  8:17  Marauder x2  
  114  8:22  Siege Tank  
  114  8:26  Medivac  
  119  8:31  Medivac  
  119  8:33  Marine x2  
  123  8:39  Barracks  
  123  8:44  Barracks  
  123  8:54  Siege Tank  
  123  8:55  Marauder x2  
  128  8:58  Marine  
  128  8:59  Marine  
  123  9:04  Viking x2  
  115  9:12  SCV x2  
  111  9:19  Marauder x2  
  111  9:21  Marine x2  
  99  9:32  Siege Tank  
  99  9:36  SCV x2  
  99  9:37  Orbital Command  
  104  9:40  Marauder x2  
  104  9:41  Barracks Reactor  
  104  9:42  Barracks Tech Lab, Marine  
  109  9:48  Viking  
  111  9:53  Marine  
  111  9:55  Viking  
  114  10:00  Marine  
  114  10:01  Terran Infantry Armor Level 1  
  114  10:04  Siege Tank  
  118  10:08  Marauder  
  118  10:10  Marauder  
  118  10:11  Marine  
  125  10:14  Marauder  
  125  10:16  SCV  
  125  10:17  SCV x2  
  125  10:18  Marine  
  129  10:24  Marine x2  
  129  10:34  Marauder x2, Marine  
  129  10:35  Marauder  
  132  10:36  Siege Tank  
  132  10:39  Viking  
  132  10:40  Marine  
  137  10:45  Viking  
  137  10:48  Missile Turret  
  137  10:49  Refinery  
  139  10:50  Marine x2  
  139  10:54  Refinery  
  141  10:58  Marauder x2  
  141  11:00  Marauder  
  147  11:05  Marine x2  
  141  11:19  Marauder x2, Marine x2  
  141  11:21  Marauder  
  141  11:23  Marine x2  
  131  11:29  SCV x2  
  131  11:30  SCV  
  113  11:41  Marauder x2  
  113  11:43  Marauder  
  113  11:46  Marine x4  
  113  11:48  Siege Tank  
  113  11:56  Ghost Academy  
  113  11:59  Viking  
  115  12:04  Viking  
  115  12:08  SCV x2  
  119  12:15  Terran Infantry Weapons Level 2  
  119  12:20  SCV x2  
  119  12:21  SCV  
  128  12:40  Marine x4  
  132  12:45  Viking  
  132  12:52  Viking  
  132  12:54  Unknown  
  132  12:58  Marine x2  
  138  12:59  Unknown  
  138  13:01  Marine  
  138  13:02  Marine  
  138  13:05  Unknown  
  137  13:10  Marauder  
  139  13:15  Marine  
  139  13:16  Marine  
  139  13:19  Viking, Marine  
  144  13:20  Marine  
  144  13:22  Medivac  
  144  13:24  Unknown  
  144  13:25  Marauder  
  149  13:28  Supply Depot, Unknown  
  114  13:43  Marauder  
  114  13:44  Marauder  
  114  13:46  Marauder  
  119  13:50  Orbital Command  
  119  13:52  Marine  
  114  14:17  Orbital Command  
  113  14:28  Orbital Command  
  68  15:37  Orbital Command  
Show
View Real Time Build Order
Export as new Build Order

Stats Protoss 

Build Orders: 1 Gate Expand, Blink Stalkers 

Get SALT Encoding   

  12  0:00  Probe  
  13  0:12  Probe  
  14  0:17  Pylon  
  14  0:24  Probe (Chrono Boost)  
  15  0:37  Gateway, Probe (Chrono Boost)  
  16  0:45  Assimilator, Probe (Chrono Boost)  
  17  0:51  Probe  
  18  1:03  Probe  
  19  1:15  Probe  
  20  1:24  Cybernetics Core  
  20  1:31  Nexus  
  20  1:34  Probe  
  21  1:41  Pylon  
  21  1:48  Probe  
  21  1:49  Assimilator  
  22  1:58  Adept (Chrono Boost)  
  22  2:01  Probe  
  25  2:04  Shield Battery  
  25  2:07  Warp Gate  
  25  2:13  Probe  
  26  2:18  Stalker (Chrono Boost)  
  28  2:26  Probe  
  29  2:32  Twilight Council  
  29  2:41  Probe (Chrono Boost)  
  30  2:44  Probe (Chrono Boost)  
  32  2:53  Probe (Chrono Boost)  
  32  2:54  Probe (Chrono Boost)  
  32  2:56  Robotics Facility  
  33  2:58  Probe (Chrono Boost)  
  33  3:02  Probe  
  35  3:10  Probe  
  36  3:14  Blink (Chrono Boost), Probe  
  37  3:21  Gateway  
  37  3:23  Probe  
  37  3:26  Probe  
  39  3:31  Gateway  
  39  3:36  Gateway  
  39  3:37  Probe  
  39  3:39  Probe  
  41  3:46  Shield Battery, Observer (Chrono Boost)  
  41  3:54  Probe x2  
  42  3:55  Pylon  
  42  4:00  Warp Prism (Chrono Boost)  
  44  4:06  Probe x2  
  46  4:11  Pylon  
  46  4:13  Assimilator  
  46  4:18  Probe x2  
  48  4:26  Observer  
  48  4:28  Stalker x3, Observer  
  54  4:32  Stalker  
  56  4:40  Pylon  
  56  4:41  Assimilator, Pylon  
  56  4:42  Probe  
  56  4:43  Probe  
  58  4:59  Stalker  
  60  5:00  Stalker x3  
  60  5:06  Observer  
  61  5:10  Probe x2  
  57  5:29  Observer  
  57  5:31  Probe x2 (Chrono Boost)  
  57  5:32  Stalker  
  57  5:33  Stalker x3  
  67  5:41  Robotics Bay  
  68  5:43  Probe (Chrono Boost)  
  68  5:47  Probe (Chrono Boost)  
  69  5:50  Probe (Chrono Boost)  
  69  5:53  Observer  
  51  6:05  Probe (Chrono Boost)  
  51  6:07  Probe (Chrono Boost)  
  53  6:17  Probe (Chrono Boost)  
  55  6:22  Probe (Chrono Boost)  
  55  6:23  Probe (Chrono Boost)  
  56  6:29  Colossus (Chrono Boost), Probe  
  56  6:32  Nexus  
  62  6:34  Pylon, Probe  
  63  6:40  Extended Thermal Lance  
  63  6:41  Probe  
  63  6:43  Observer  
  63  6:47  Probe  
  65  6:54  Observer  
  65  6:58  Probe  
  65  6:59  Probe  
  67  7:02  Pylon  
  67  7:06  Charge (Chrono Boost)  
  65  7:12  Sentry x2, Colossus (Chrono Boost)  
  65  7:13  Sentry, Zealot  
  79  7:24  Gateway x2  
  79  7:27  Shield Battery  
  79  7:29  Probe x2  
  81  7:37  Observer  
  81  7:43  Probe x3  
  84  7:48  Zealot x2  
  84  7:49  Zealot x2  
  92  7:53  Forge  
  92  7:57  Colossus (Chrono Boost)  
  98  8:11  Zealot  
  98  8:12  Zealot x3  
  106  8:22  Probe x3  
  106  8:23  Protoss Ground Weapons Level 1 (Chrono Boost)  
  108  8:27  Pylon  
  108  8:30  Pylon  
  108  8:45  Warp Prism  
  108  8:47  Zealot x3  
  114  8:49  Zealot x3  
  68  9:10  Zealot x2  
  68  9:11  Zealot x4  
  68  9:16  Colossus  
  72  9:21  Probe  
  72  9:22  Probe x2  
  67  9:31  Stalker x3, Sentry x2  
  69  9:33  Sentry  
  77  9:41  Shield Battery  
  77  9:48  Gateway x2  
  77  9:53  Dark Shrine  
  77  9:58  Zealot x3  
  83  10:00  Zealot  
  83  10:04  Stalker  
  87  10:07  Stalker  
  90  10:20  Shield Battery  
  90  10:21  Disruptor (Chrono Boost)  
  90  10:29  Shield Battery  
  90  10:32  Zealot x5  
  90  10:33  Zealot  
  94  10:44  Protoss Ground Armor Level 1 (Chrono Boost), Robotics Facility  
  94  10:56  Stalker x4  
  102  11:09  Dark Templar x2  
  102  11:10  Zealot x2  
  102  11:29  Dark Templar x2  
  102  11:30  Dark Templar, Zealot  
  87  11:35  Zealot x2  
  79  11:47  Disruptor  
  79  11:51  Sentry x2  
  83  11:58  Assimilator, Zealot x3  
  83  12:00  Assimilator  
  92  12:02  Gateway  
  92  12:07  Zealot x2  
  96  12:10  Probe x3  
  99  12:21  Disruptor (Chrono Boost)  
  99  12:22  Observer (Chrono Boost)  
  100  12:25  Nexus  
  100  12:27  Pylon  
  103  12:33  Pylon  
  103  12:37  Zealot x6  
  114  13:04  Disruptor x2  
  118  13:07  Nexus  
  118  13:09  Pylon  
  118  13:17  Stalker x3  
  118  13:18  Stalker  
  124  13:39  Disruptor  
  114  14:00  Pylon  
  108  14:03  Pylon  
  108  14:05  Pylon  
  77  14:29  Sentry x2, Zealot x4  
  69  14:48  Colossus  
  69  14:49  Colossus  
  67  15:01  Zealot  
  67  15:33  Zealot  
  55  15:37  Nexus  
Tags
 
Add a new tag
Caveats
  • Supply blocks, unpowered buildings, or Contaminate may cause inaccurate times.
  • Supply counts are checked every 10 seconds.